 Dungeon Crawl Stone Soup version 0.30-a0-715-gdb4ae3ece1 (webtiles) character file.

Game seed: 8587933877712885467

4657 mopl the Fighter (level 10, -19/82 HPs)
             Began as a Mummy Monk on Jan 24, 2023.
             Was an Elder of Okawaru.
             Demolished by a shadow (31 damage)
             ... on level 8 of the Dungeon.
             The game lasted 00:15:42 (7650 turns).

mopl the Fighter (Mummy Monk)                       Turns: 7650, Time: 00:15:43

Health: -19/82     AC: 13    Str: 19      XL:     10   Next: 20%
Magic:  0/12       EV: 21    Int:  9      God:    Okawaru [****..]
Gold:   1160       SH:  5    Dex: 14 (15) Spells: 7/9 levels left

rFire   x . .      SeeInvis .    N - +2 short sword (venom)
rCold   + . .      Faith    +    O - +0 buckler
rNeg    + + +      Spirit   +    h - +3 leather armour
rPois   ∞          Reflect  .    r - +1 helmet
rElec   .          Harm     .    b - +0 cloak
rCorr   .          Rampage  .    D - +0 pair of gloves
Will    ++...                    e - +0 pair of boots
Stlth   +++                      j - amulet of guardian spirit
HPRegen 0.33/turn                G - ring of willpower
MPRegen 0.13/turn                H - +5 ring of evasion

@: heroic, studying Fighting
A: cold resistance 1, negative energy resistance 3, torment resistance 2, heat
vulnerability 1, in touch with death 1, no potions, faith
a: Renounce Religion, Heroism, Finesse


You were on level 8 of the Dungeon.
You worshipped Okawaru.
Okawaru was greatly pleased with you.
You visited 2 branches of the dungeon, and saw 10 of its levels.

You collected 1160 gold pieces.

Inventory:

Hand Weapons
 a - a +0 dagger of venom
 k - a +1 short sword of draining
 w - a +2 quarterstaff of chaos
 x - the +0 hammer "Fookhlaa" {flame, *Noise rElec Str+6}
   (You found it on level 3 of the Dungeon)

   Str:       It affects your strength (+6).
   rElec:     It insulates you from electricity.
   *Noise:    It may make noises in combat.
 y - a +2 hammer of draining
 K - a +2 heavy trident
 N - a +2 short sword of venom (weapon)
Missiles
 q - 34 poisoned darts (quivered)
 u - 2 throwing nets
 F - 13 boomerangs
 J - 4 atropa-tipped darts
 L - 2 datura-tipped darts
 P - 3 silver javelins
Armour
 b - a +0 cloak (worn)
 e - a +0 pair of boots (worn)
 g - a +0 scale mail
 h - a +3 leather armour (worn)
 r - a +1 helmet (worn)
 D - a +0 pair of gloves (worn)
 O - a +0 buckler (worn)
Jewellery
 j - an amulet of guardian spirit (around neck)
 s - a ring of wizardry
 E - a ring of magical power
 G - a ring of willpower (left hand)
 H - a +5 ring of evasion (right hand)
 M - a +5 ring of evasion
Wands
 c - a wand of polymorph (1)
 d - a wand of iceblast (9)
 f - a wand of mindburst (12)
 I - a wand of light (7)
Scrolls
 i - 2 scrolls of vulnerability
 l - 2 scrolls of enchant weapon
 m - 2 scrolls of fear
 n - a scroll of torment {!r}
 o - a scroll of blinking
 p - a scroll of amnesia
 t - 3 scrolls of teleportation
 v - 3 scrolls of enchant armour
 z - 4 scrolls of poison
 A - a scroll of immolation {unknown}
 B - a scroll of noise {unknown}
 C - a scroll of fog


   Skills:
 + Level 8.6(13.6) Fighting
 + Level 4.2(9.2) Throwing
 + Level 4.1(9.1) Armour
 + Level 5.0(10.0) Dodging
 - Level 1.5(6.5) Stealth
 + Level 1.1(6.1) Shields
 * Level 7.9(12.9) Unarmed Combat
 + Level 3.5 Invocations
 + Level 0.5 Evocations


You had 7 spell levels left.
You knew the following spells:

 Your Spells              Type           Power      Damage    Failure   Level
e - Blink                 Tloc           0%         N/A       65%         2

Your spell library contained the following spells:

 Spells                   Type           Power      Damage    Failure   Level
 Freeze                   Ice            0%         1d3       52%         1
 Magic Dart               Conj           0%         1d3       52%         1
 Shock                    Conj/Air       0%         1d3       52%         1
 Searing Ray              Conj           0%         2d4       65%         2
 Frozen Ramparts          Ice            0%         1d1       87%         3
 Hailstorm                Conj/Ice       0%         3d3       87%         3
 Stone Arrow              Conj/Erth      0%         3d7       87%         3
 Fulminant Prism          Conj/Hex       0%         3d5       99%         4
 Manifold Assault         Tloc           0%         N/A       99%         4
 Lehudib's Crystal Spear  Conj/Erth      0%         10d2      100%        8
 Animate Armour           Summ/Erth      Unusable   N/A       N/A         4
 Storm Form               Tmut/Air       Unusable   N/A       N/A         7

Dungeon Overview and Level Annotations

Branches:
Dungeon (9/15)             Temple (1/1) D:6
   Lair: D:8-11         Orc: D:9-12

Altars:
Dithmenos
Fedhas
Makhleb
Nemelex Xobeh
Okawaru
Qazlal
Sif Muna
Uskayaw
Vehumet
Xom
Yredelemnul

Shops:
D:3 (   D:7 :

Annotations:
D:5 Duvessa


Innate Abilities, Weirdness & Mutations

You are immune to poison.
Your flesh is cold resistant. (rC+)
You are immune to negative energy. (rN+++)
You are immune to unholy pain and torment.
You are vulnerable to heat. (rF-)
You are in touch with the powers of death.
You do not drink.
You have a special connection with the divine. (Faith)


Message History

You feel like a meek peon again. The shadow closely misses you.
The orc completely misses you. Something hits you but does no damage.
You hear some strange, mumbled words.
A magic dart appears from out of thin air!
The magic dart hits you.
You hear some strange, mumbled words.
A puff of flame appears from out of thin air!
The puff of flame misses you.
The steam dragon hisses angrily.
The orc hits you but does no damage.
Something hits you but does no damage. x2
You block something's attack.
The shadow slips into darkness.
The shadow flickers and vanishes!
You climb upwards.
Reactivating autopickup.
There is a stone staircase leading down here.
Unknown command.
The shadow strikes at you from the darkness!
* * * LOW HITPOINT WARNING * * *
The orc hits you with a +0 whip.
* * * LOW HITPOINT WARNING * * *
Something hits you but does no damage.
Deactivating autopickup; reactivate with Ctrl-A.
The shadow attacks as you move away! You block the shadow's attack.
Something hits you but does no damage. You block the orc's attack.
The shadow slips into darkness.
The shadow flickers and vanishes!
You hear some strange, mumbled words.
A puff of flame appears from out of thin air!
The puff of flame misses you.
You gain the combat prowess of a mighty hero.
The orc misses you. Something hits you.
* * * LOW HITPOINT WARNING * * *
You hear some strange, mumbled words.
A puff of flame appears from out of thin air!
The puff of flame hits you but does no damage.
Something hits you but does no damage.
The shadow strikes at you from the darkness!
You die...

###......##.................####.
.##.###...#.........##...........
..........#..........)[).........
.................................
.##.##...............)...........
.##.##...........>....#..........
.##.##..........o...###....####..
.##.##.........{.{..# #....# #..
.##.##...#.#####@#..# #....# #..
###.##...#.......#..# ###### #..
....####.#.#...#.#..# ###
.##.####.#.#._.#.#..#
###......#.#...#.#..#
#.##.#.#.......#.##
#.##.#.#.#####.#.#
###.##.#...........#
)...##........######


You could see an orc.

Vanquished Creatures
  A cyclops (D:8)
  Joseph (D:7)
  A kobold demonologist (D:8)
  A slime creature (D:8)
  4 yaks (D:7)
  A steam dragon (D:7)
  A water moccasin (D:5)
  An orc warrior (D:8)
  2 sky beasts (D:7)
  3 black bears
  2 ogres
  3 centaurs
  3 kobold brigands
  A bullfrog (D:7)
  A necrophage (D:5)
  A gnoll sergeant (D:8)
  3 scorpions
  4 killer bees (D:7)
  2 howler monkeys
  6 orc priests
  5 hounds
  Crazy Yiuf (D:3)
  A jelly (D:6)
  Jessica (D:2)
  2 gnoll boudas (D:7)
  Ijyb (D:5)
  Terence (D:2)
  3 iguanas
  3 orc wizards
  Robin (D:3)
  11 adders
  15 gnolls
  A shadow imp (D:6)
  5 white imps
  An ufetubus (D:5)
  2 worms
  30 orcs
  5 endoplasms
  5 giant cockroaches
  9 goblins
  11 hobgoblins
  2 jackals (D:1)
  4 quokkas
  8 ball pythons
  8 bats
  2 frilled lizards (D:1)
  11 kobolds
  7 rats
198 creatures vanquished.

Vanquished Creatures (others)
  2 fungi (D:3)
  3 plants
5 creatures vanquished.

Grand Total: 203 creatures vanquished

Notes
Turn   | Place    | Note
-------+----------+-------------------------------------------
     0 | D:1      | mopl the Mummy Monk began the quest for the Orb.
     0 | D:1      | Reached XP level 1. HP: 18/18 MP: 1/1
   177 | D:1      | Reached XP level 2. HP: 24/24 MP: 2/2
   527 | D:1      | Reached skill level 3 in Unarmed Combat
   916 | D:2      | Noticed Terence
   923 | D:2      | Killed Terence
   924 | D:2      | Gained mutation: You are in touch with the powers of death.
                  | [Mummy growth]
   924 | D:2      | Reached XP level 3. HP: 29/29 MP: 3/3
  1011 | D:2      | Reached XP level 4. HP: 37/37 MP: 4/4
  1048 | D:2      | Noticed Jessica
  1059 | D:2      | Killed Jessica
  1217 | D:2      | Reached skill level 4 in Fighting
  1222 | D:2      | Reached skill level 4 in Unarmed Combat
  1658 | D:3      | Noticed an ogre
  1671 | D:3      | Killed an ogre
  1672 | D:3      | Reached XP level 5. HP: 17/43 MP: 2/5
  1795 | D:3      | Found a faded altar of an unknown god.
  1808 | D:3      | Got Plato's Omnibus of Battle Magic
  1892 | D:3      | Noticed Robin
  1905 | D:3      | Killed Robin
  1983 | D:3      | Found a sparkling altar of Nemelex Xobeh.
  2007 | D:3      | Found Imnom's Antique Weapon Shoppe.
  2104 | D:2      | Reached XP level 6. HP: 49/49 MP: 4/6
  2291 | D:3      | Found a runed translucent door.
  2292 | D:3      | Noticed Crazy Yiuf
  2302 | D:3      | Killed Crazy Yiuf
  2305 | D:3      | Identified the +0 hammer "Fookhlaa" {flame, *Noise rElec
                  | Str+6}
  2530 | D:4      | You fall into a shaft and drop 1 floor!
  2530 | D:5      | Entered Level 5 of the Dungeon
  2775 | D:4      | Found a radiant altar of Vehumet.
  3033 | D:4      | Identified a scroll of acquirement
  3038 | D:4      | Acquired a manual of Fighting
  3068 | D:5      | Reached skill level 1 in Throwing
  3078 | D:5      | Reached skill level 5 in Unarmed Combat
  3085 | D:5      | Reached skill level 1 in Armour
  3099 | D:5      | Noticed Duvessa
  3121 | D:5      | Noticed a water moccasin
  3143 | D:5      | Killed a water moccasin
  3144 | D:5      | Reached XP level 7. HP: 38/55 MP: 4/7
  3185 | D:5      | Reached skill level 5 in Fighting
  3230 | D:5      | Reached skill level 3 in Dodging
  3234 | D:5      | Noticed Ijyb
  3248 | D:5      | Killed Ijyb
  3308 | D:5      | Found a shimmering altar of Xom.
  3336 | D:5      | Learned a level 2 spell: Blink
  3454 | D:5      | Acquired 801 gold pieces
  3543 | D:5      | Reached skill level 2 in Throwing
  3543 | D:5      | Reached skill level 2 in Armour
  3790 | D:6      | Reached XP level 8. HP: 30/64 MP: 4/8
  3933 | D:6      | Reached skill level 6 in Fighting
  4137 | D:6      | Reached skill level 6 in Unarmed Combat
  4295 | D:6      | Found a staircase to the Ecumenical Temple.
  4301 | Temple   | Entered the Ecumenical Temple
  4358 | Temple   | Became a worshipper of Warmaster Okawaru
  4358 | Temple   | Reached * piety under Okawaru
  4358 | Temple   | Reached ** piety under Okawaru
  4595 | D:7      | Found a large runed translucent door.
  4595 | D:7      | Found a large runed translucent door.
  4728 | D:7      | Reached skill level 1 in Invocations
  4798 | D:7      | Reached skill level 3 in Throwing
  4798 | D:7      | Reached skill level 4 in Dodging
  4966 | D:7      | Reached *** piety under Okawaru
  5015 | D:7      | Reached skill level 7 in Fighting
  5015 | D:7      | Reached skill level 3 in Armour
  5062 | D:7      | Reached XP level 9. HP: 61/72 MP: 10/10
  5105 | D:7      | Noticed Joseph
  5120 | D:7      | Killed Joseph
  5121 | D:7      | Reached skill level 2 in Invocations
  5212 | D:7      | Noticed an angel
  5217 | D:7      | Found a basalt altar of Yredelemnul.
  5220 | D:7      | Noticed a profane servitor
  5249 | D:7      | Found Pebomyk's Book Shop.
  5276 | D:7      | Reached skill level 7 in Unarmed Combat
  5437 | D:7      | Reached **** piety under Okawaru
  5717 | D:7      | Found a shadowy altar of Dithmenos.
  5738 | D:7      | Found a stormy altar of Qazlal.
  5954 | D:7      | Received a gift from Okawaru
  5967 | D:7      | Reached skill level 8 in Fighting
  6249 | D:8      | Reached skill level 3 in Invocations
  6595 | D:8      | Found a burning altar of Makhleb.
  6774 | D:8      | Noticed a cyclops
  6799 | D:8      | Reached skill level 4 in Throwing
  6799 | D:8      | Killed a cyclops
  6799 | D:8      | Received a gift from Okawaru
  6800 | D:8      | Reached skill level 4 in Armour
  6800 | D:8      | Reached XP level 10. HP: 60/82 MP: 8/12
  7224 | D:8      | Noticed a sun demon
  7501 | D:8      | Noticed a sun demon
  7501 | D:8      | Reached ***** piety under Okawaru
  7502 | D:8      | Reached skill level 5 in Dodging
  7502 | D:8      | Reached skill level 1 in Shields
  7549 | D:9      | Noticed an eight-headed hydra
  7573 | D:8      | Received a gift from Okawaru
  7650 | D:8      | Demolished by a shadow

Illustrated notes

Levels and vault maps discovered:
D:1:      dpeg_arrival_lava_temple_mockup, layout_basic
D:2:      layout_loops_cross, minmay_misc_feat_columns,
          wad_floor_pattern_untrapped, minmay_indecisive_spiral, uniq_terence,
          uniq_jessica
D:3:      layout_rooms, nemelex_xobeh_ov_fountains_minmay, serial_shops,
          nicolae_shop_overgrown_old_shop, shapermc_ecumenical_altar_rom_forum,
          uniq_crazy_yiuf_cottage, uniq_robin
D:4:      layout_loops_cross, mainiacjoe_overflow_concentric_impassable
D:5:      layout_basic, lemuel_crystal_altar, uniq_duvessa, uniq_ijyb
D:6:      layout_basic, minmay_temple_entry_grid
D:7:      layout_basic, grunt_temple_overflow_holy_war, jmf_multi_god_temple2,
          nicolae_inconvenience_store, abandoned_shop, uniq_joseph
D:8:      layout_basic, mainiacjoe_overflow_cross_hatched
D:9:      layout_cave_pools, kennysheep_little_box, hiddenorc2_lemuel,
          gammafunk_ghost_cemetery, minmay_shattered_shrine
Temple:   hellmonk_temple_flake

Skill      XL: |  1  2  3  4  5  6  7  8  9 10 |
---------------+-------------------------------+-----
Unarmed Combat | 3 4 5 6 7 |  7.9
Fighting       | 4 5 7 8 |  8.6
Throwing       | 1 2 3 4 |  4.2
Armour         | 1 2 3 4 |  4.1
Dodging        | 3 4 5 |  5.0
Invocations    | 1 3 |  3.5
Shields        | 1 |  1.1
Stealth        | |  1.5
Evocations     | |  0.5

Action                     |  1- 3 |  4- 6 |  7- 9 | 10-12 || total
---------------------------+-------+-------+-------+-------++-------
  Melee: Unarmed           |   143 |     9 |       |       ||   152
         Punch             |     1 |    12 |    35 |       ||    48
         Dagger            |       |   222 |   554 |       ||   776
         Short sword       |       |       |    70 |    99 ||   169
 Invoke: Heroism           |       |       |     1 |     3 ||     4
  Evoke: Wand              |     2 |       |     1 |       ||     3
    Use: Scroll            |       |     6 |     7 |     2 ||    15
   Stab: Sleeping          |     4 |     2 |     1 |       ||     7
 Armour: Robe              |    56 |       |       |       ||    56
         Leather armour    |       |    75 |   271 |    43 ||   389
  Dodge: Dodged            |    99 |   113 |   646 |   134 ||   992
  Block: Buckler           |       |       |    27 |    40 ||    67

Table legend: (Time is in decaauts)
 A = Elapsed time spent in this place.
 B = Non-inter-level travel time spent in this place.
 C = Inter-level travel time spent in this place.
 D = Time resting spent in this place.
 E = Time spent auto-exploring this place.
 F = Levels seen in this place.
 G = Mean time per level.
                   A        B        C        D        E       F      G
               +--------+--------+--------+--------+--------+-----+--------+
         Total |   7622 |   7216 |    406 |   1208 |   3689 |  10 |  762.2 |
       Dungeon |   7553 |   7158 |    395 |   1208 |   3649 |   9 |  839.2 |
        Temple |     68 |     57 |     11 |      0 |     40 |   1 |   68.0 |
               +--------+--------+--------+--------+--------+-----+--------+

Top non-repeatable levels by time:
     D:7: 1733 daAuts
     D:8: 1298 daAuts
     D:1: 909 daAuts
     D:5: 804 daAuts
     D:2: 759 daAuts
     D:4: 674 daAuts
     D:3: 655 daAuts
     D:6: 642 daAuts
     D:9: 76 daAuts
  Temple: 68 daAuts
